AoeStats
← FF Disasterpiece

Socotra

505580564Analyzed
3v3 RM · 23d ago on Sep 10, 2026· 45m 7s· 6 players
Game mode
Random Map
Map size
128×128
Population
200
Speed
Normal
Resources
Standard
Victory
Conquest
Starting age
Dark Age
Ending age
Imperial Age
RankedLock teamsTeams togetherTeam positionsShared explorationLock speedFull tech treeHidden civsTurbo modeCheats
Victory
Defeat
🇨🇱 Armenians · Chile
811
+15
🇨🇱 Magyars · Chile
789
+16
🇨🇱 Goths · Chile
782
+16
🇦🇷 Britons · Argentina
837
-18
🇦🇷 Italians · Argentina
823
-17
🇦🇷 Franks · Argentina
691
-12
General
0:38 Loom
13:01 Feudal Age
14:11 Man-at-Arms
24:38 Double-Bit Axe
28:47 Gold Mining
34:43 Stone Mining
35:45 Forging
35:26 Fletching
45:04 Wheelbarrow
47:10 Castle Age
cobraX
10:26 Feudal Age
13:17 Fletching
13:31 Loom
14:05 Double-Bit Axe
14:28 Padded Archer Armor
23:49 Wheelbarrow
28:28 Castle Age
29:35 Bodkin Arrow
43:19 Imperial Age
43:47 Careening
43:35 Murder Holes
45:10 Chemistry
RamaCx
11:04 Feudal Age
12:11 Double-Bit Axe
18:57 Scale Barding Armor
21:07 Forging
25:52 Castle Age
27:03 Chain Barding Armor
27:19 Iron Casting
26:48 Husbandry
28:12 Wheelbarrow
28:55 Gold Mining
29:45 Bow Saw
32:35 Hand Cart
40:10 Imperial Age
42:23 Ballistics
41:48 Cavalier
FF Disasterpiece
12:16 Feudal Age
13:31 Man-at-Arms
20:01 Castle Age
20:25 Scale Mail Armor
20:37 Forging
20:53 Stone Mining
21:00 Long Swordsman
21:42 Squires
23:34 Horse Collar
26:01 Gold Mining
26:28 Double-Bit Axe
31:33 Anarchy
31:45 Heavy Plow
31:57 Bow Saw
32:39 Iron Casting
32:19 Chain Mail Armor
33:05 Wheelbarrow
35:58 Hand Cart
38:16 Imperial Age
39:01 Elite Huskarl
40:03 Conscription
40:15 Perfusion
40:47 Hand Cart
42:19 Blast Furnace
42:52 Crop Rotation
43:26 Pikeman
44:20 Halberdier
FF Milo chan
8:26 Loom
8:57 Loom
11:19 Feudal Age
11:28 Man-at-Arms
12:07 Long Swordsman
15:31 Fletching
16:45 Double-Bit Axe
20:56 Town Watch
24:18 Castle Age
22:56 Scale Mail Armor
23:15 Arson
24:53 Forging
25:19 Horse Collar
25:33 Gold Mining
25:54 Bodkin Arrow
27:34 Elite Skirmisher
28:44 Sanctity
28:15 Two-Handed Swordsman
29:21 Gambesons
30:23 Squires
30:27 Padded Archer Armor
31:13 Chain Mail Armor
32:40 Pikeman
37:30 Champion
39:17 Halberdier
44:33 Imperial Age
Benjita23
10:46 Feudal Age
11:45 Man-at-Arms
17:10 Double-Bit Axe
25:03 Castle Age
27:20 Gold Mining
28:42 Wheelbarrow
27:55 Town Watch
28:16 Husbandry
29:01 Gold Shaft Mining
30:38 Hand Cart
30:35 Bow Saw
30:45 Scale Barding Armor
30:40 Scale Mail Armor
35:56 Stone Mining
42:21 Imperial Age
40:42 Chain Barding Armor
40:37 Chain Mail Armor
42:22 Bloodlines
42:22 Cavalier
44:55 Paladin
45:04 Paladin
Connection lost

Rejoining the realm…

Still unreachable

The connection could not be restored.

Session expired

The server has moved on; the page needs a fresh start.